 Dungeon Crawl Stone Soup version 0.26-a0-651-gb41185065b (webtiles) character file.

Game seed: 18226408698951208055

37 Lanoc the Shield-Bearer (level 3, -1/29 HPs)
             Began as a Formicid Fighter on Oct 6, 2020.
             Slain by a goblin
             ... wielding a +0 dagger
             ... led by Robin
              (2 damage)
             ... on level 2 of the Dungeon.
             The game lasted 00:01:08 (861 turns).

Lanoc the Shield-Bearer (Formicid Fighter)           Turns: 861, Time: 00:01:09

Health: -1/29      AC:  6    Str: 20    XL:     3   Next: 60%
Magic:  3/3        EV:  8    Int:  7    God:
Gold:   43         SH:  9    Dex: 11    Spells: 2/2 levels left

rFire    . . .     SeeInvis +   a - +0 war axe
rCold    . . .     Faith    .   c - +0 kite shield
rNeg     . . .     Spirit   .   b - +0 scale mail
rPois    .         Reflect  .   (helmet unavailable)
rElec    .         Harm     .   i - scarf {repulsion}
rCorr    .         Rampage  .   (no gloves)
MR       .....                  (no boots)
Stlth    ..........             (no amulet)
HPRegen  0.09/turn              (no ring)
MPRegen  0.08/turn              (no ring)

@: repel missiles
A: permanent stasis, dig shafts and tunnels, four strong arms, antennae 3
a: Dig, Shaft Self


You were on level 2 of the Dungeon.
You visited 1 branch of the dungeon, and saw 2 of its levels.

You collected 43 gold pieces.

Inventory:

Hand Weapons
 a - a +0 war axe (weapon)
Armour
 b - a +0 scale mail (worn)
 c - a +0 kite shield (worn)
 i - a scarf of repulsion (worn)
Scrolls
 e - a scroll of blinking {unknown}
 g - a scroll of fear {unknown}
Potions
 d - a potion of might
 f - a potion of curing {unknown}


   Skills:
 + Level 3.5 Fighting
 * Level 2.7 Axes
 + Level 3.5 Armour
 + Level 0.8 Dodging
 + Level 3.9 Shields


You had 2 spell levels left.
You didn't know any spells.
Your spell library was empty.

Dungeon Overview and Level Annotations

Branches:
Dungeon (2/15)

Altars:

Annotations:
D:2 Robin


Innate Abilities, Weirdness & Mutations

You cannot be hasted, slowed, berserked, paralysed or teleported.
You can dig through walls and to a lower floor.
Your four strong arms can wield two-handed weapons with a shield.
You have a pair of large antennae on your head. (SInv)


Message History

Robin is severely wounded.
You closely miss the goblin. The goblin hits you with a +0 dagger.
Robin hits you with a +2 vorpal trident.
Your scale mail prevents you from hitting Robin.
Robin is severely wounded.
You barely miss the goblin. The goblin hits you with a +0 dagger.
Robin hits you with a +2 vorpal trident.
* * * LOW HITPOINT WARNING * * *
x2 You closely miss Robin.
Robin is severely wounded.
You closely miss the goblin. You block the goblin's attack.
Robin says, "We wiped out the hill dwarves - you're next!"
The goblin hits you but does no damage.
You hit Robin but do no damage.
Robin is severely wounded.
You barely miss the goblin.
Robin hits you with a +2 vorpal trident.
* * * LOW HITPOINT WARNING * * *
x2 The goblin hits you with a +0 dagger.
You die...

## ############### {
#...........#..
#.#########.#.# {
#.....#.....#..
#.#########.#.#######
#.gg@g).....#........
#####################


You could see Robin and 2 goblins.

Vanquished Creatures
  A worm (D:2)
  A dart slug (D:2)
  3 bats
  A giant cockroach (D:1)
  7 goblins
  4 hobgoblins
  2 jackals (D:1)
  6 frilled lizards (D:1)
  2 kobolds (D:1)
  5 rats
32 creatures vanquished.

Notes
Turn   | Place    | Note
-------+----------+-------------------------------------------
     0 | D:1      | Lanoc the Formicid Fighter began the quest for the Orb.
     0 | D:1      | Reached XP level 1. HP: 18/18 MP: 1/1
   107 | D:1      | Reached XP level 2. HP: 19/24 MP: 2/2
   311 | D:1      | Reached XP level 3. HP: 25/29 MP: 3/3
   848 | D:2      | Noticed Robin
   861 | D:2      | HP: 1/29 [Robin/+2 vorpal trident (1)]
   861 | D:2      | Slain by a goblin

Illustrated notes

Levels and vault maps discovered:
D:1:      lightli_arrival_noodles, layout_basic, hangedman_glass_teeth,
          minmay_tromino_v4_b
D:2:      layout_loops_corners, chequers_arboretum,
          chequers_serial_rivers_small_3, st_stairs_8, roderic_serpentine_path,
          uniq_robin

Action                   || total
-------------------------++-------
Melee: War axe           ||    85
Armor: Scale mail        ||    28
Dodge: Dodged            ||    22
Block: Kite shield       ||    51

Table legend: (Time is in decaauts)
 A = Elapsed time spent in this place.
 B = Non-inter-level travel time spent in this place.
 C = Inter-level travel time spent in this place.
 D = Time resting spent in this place.
 E = Time spent auto-exploring this place.
 F = Levels seen in this place.
 G = Mean time per level.
                   A        B        C        D        E       F      G
               +--------+--------+--------+--------+--------+-----+--------+
         Total |    897 |    866 |     31 |      0 |    650 |   2 |  448.5 |
       Dungeon |    897 |    866 |     31 |      0 |    650 |   2 |  448.5 |
               +--------+--------+--------+--------+--------+-----+--------+

Top non-repeatable levels by time:
     D:1: 555 daAuts
     D:2: 342 daAuts
